 Dungeon Crawl Stone Soup version 0.23-a0-681-g26ad783 (webtiles) character file.

1563 Bwemp the Carver (level 8, -3/67 HPs)
             Began as a Demonspawn Wanderer on Jan 10, 2019.
             Killed from afar by Dowan (9 damage)
             ... with a shard of ice
             ... on level 5 of the Dungeon.
             The game lasted 00:07:31 (3840 turns).

Bwemp the Carver (Demonspawn Wanderer)              Turns: 3840, Time: 00:07:32

Health: -3/67      AC: 12    Str: 20    XL:     8   Next: 58%
Magic:  8/8        EV: 14    Int: 16    God:
Gold:   218        SH:  0    Dex: 10    Spells: 7/7 levels left

rFire    . . .     SeeInvis .   b - +0 falchion
rCold    . . .     Gourm    .   (no shield)
rNeg     . . .     Faith    .   a - +4 scale mail
rPois    .         Spirit   .   (no helmet)
rElec    .         Reflect  .   (no cloak)
rCorr    .         Harm     .   (no gloves)
MR       .....                  (no boots)
Stlth    ..........             (no amulet)
HPRegen  0.21/turn              n - +5 ring of evasion
MPRegen  0.11/turn              o - ring of flight

@: mighty, about to teleport, heavily drained
A: claws 1, thin metallic scales 1, spiny 3
a: Evoke Flight


You were on level 5 of the Dungeon.
You were not hungry.

You visited 1 branch of the dungeon, and saw 6 of its levels.

You collected 218 gold pieces.

Inventory:

Hand Weapons
 b - a +0 falchion (weapon)
 i - the cursed +1 spear "Ocollakui" {vamp, rF+ Str+4 Dex+4}
   (You found it on level 5 of the Dungeon)

   It inflicts no extra harm, but heals its wielder when it wounds a living foe.
   It affects your strength (+4).
   It affects your dexterity (+4).
   It protects you from fire.
   It has a curse placed upon it.
 j - a +0 mace
Missiles
 d - 5 sling bullets
 g - 117 stones
 r - 3 tomahawks (quivered)
Armour
 a - a +4 scale mail (worn)
Magical Staves
 c - an uncursed staff of summoning
Jewellery
 n - a +5 ring of evasion (left claw)
 o - a ring of flight (right claw)
Scrolls
 e - a scroll of magic mapping {unknown}
 h - 2 scrolls of teleportation
 k - a scroll of blinking {unknown}
 l - a scroll of remove curse {unknown}
 p - a scroll of fog {unknown}
 t - a scroll of amnesia {unknown}
Potions
 m - a potion of berserk rage
 s - a potion of haste {unknown}
Comestibles
 f - 3 rations


   Skills:
 * Level 7.1(5.5) Fighting
 + Level 9.0(7.4) Long Blades
 - Level 1.0(0.0) Armour
 - Level 1.7(0.4) Stealth


You had 7 spell levels left.
You didn't know any spells.
Your spell library was empty.

Dungeon Overview and Level Annotations

Branches:
Dungeon (6/15)
 Temple: D:4-7

Altars:
Qazlal
Ru
Xom

Annotations:
D:3 Sigmund
D:5 Dowan


Innate Abilities, Weirdness & Mutations

You have sharp fingernails.
You are partially covered in thin metallic scales. (AC +2)
You are completely covered in sharp spines.


Message History

Duvessa says, "My weaknesses are his strengths!"
Duvessa hits you with a +2 short sword of draining!
You feel drained.
Unknown command.
As you read the scroll of teleportation, it crumbles to dust.
You feel strangely unstable. Duvessa is struck by your spines.
Duvessa hits you with a +2 short sword of draining.
You feel drained.
You slash Duvessa!
You kill Duvessa!
Dowan screams, "No!
Oh no!"
Dowan seems to find hidden reserves of power!
Your base Fighting skill increases to level 7!
Your base Long Blades skill increases to level 9!
Dowan points at you and mumbles some strange words.
The stone arrow hits you!
* * * LOW HITPOINT WARNING * * *
Dowan casts a spell at you. The shard of ice hits you!
You die...

####.........########.#
.......##...##........#
####.#.###.###.########
#.#.###.###.#
#.#>........#
#.#####.##### #.# #.#
######## #.#####.#
#>†e...# #.......#
#@####.# #######.# #.#
#.# #.#####.####.# #
#.##.......#.# ##
##.##.##.##.#.# .##
##...#.##.##.#.#
#.######......##.....<#
........#....#.####.###
#.####......###.# #.#


You could see Dowan.

Vanquished Creatures
  Pikel (D:4)
  Eustachio (D:4)
  A water moccasin (D:3)
  Duvessa (D:5)
  3 slaves (D:4)
  A centaur (D:5)
  A bullfrog (D:5)
  A scorpion (D:5)
  2 crimson imps (D:5)
  2 hounds
  A gnoll shaman (D:5)
  An orc priest (D:5)
  3 orc wizards
  An iguana (D:4)
  3 worker ants
  2 worker ant zombies
  5 gnolls
  8 adders
  An adder skeleton (D:5)
  A worm (D:2)
  4 dart slugs
  5 leopard geckos
  7 orcs
  2 ball pythons
  6 bats
  A giant cockroach (D:1)
  11 goblins
  7 hobgoblins
  8 jackals (D:5)
  5 kobolds
  2 quokkas (D:2)
  4 frilled lizards
  A jackal zombie (D:5)
  7 rats
110 creatures vanquished.

Vanquished Creatures (others)
  An orc warrior (D:5)
  An ogre (D:5)
  A hound (D:5)
  2 worker ants (D:5)
  A hound zombie (D:5)
  A jackal (D:5)
  A quokka (D:5)
8 creatures vanquished.

Grand Total: 118 creatures vanquished

Notes
Turn   | Place    | Note
-------+----------+-------------------------------------------
     0 | D:1      | Bwemp the Demonspawn Wanderer began the quest for the Orb.
     0 | D:1      | Bwemp set off with the following items: a +2 scale mail, a
                  | +0 falchion, a potion of lignification, a +0 dagger, a
                  | ration
     0 | D:1      | Reached XP level 1. HP: 21/21 MP: 1/1
    22 | D:1      | Reached skill level 2 in Long Blades
    60 | D:1      | Gained mutation: You are partially covered in thin metallic
                  | scales. (AC +2) [demonic ancestry]
    60 | D:1      | Reached XP level 2. HP: 27/27 MP: 2/2
   229 | D:1      | Reached skill level 3 in Long Blades
   577 | D:1      | Gained mutation: You are partially covered in sharp spines.
                  | [demonic ancestry]
   577 | D:1      | Reached XP level 3. HP: 28/33 MP: 3/3
  1168 | D:2      | Found a sacrificial altar of Ru.
  1187 | D:2      | Reached skill level 4 in Long Blades
  1187 | D:2      | Gained mutation: You have sharp fingernails. [demonic
                  | ancestry]
  1187 | D:2      | Reached XP level 4. HP: 31/39 MP: 4/4
  1850 | D:3      | Noticed a water moccasin
  1886 | D:3      | Killed a water moccasin
  1886 | D:3      | Reached skill level 5 in Long Blades
  1886 | D:3      | Gained mutation: You are mostly covered in sharp spines.
                  | [demonic ancestry]
  1886 | D:3      | Reached XP level 5. HP: 21/44 MP: 5/5
  2066 | D:3      | Found a stormy altar of Qazlal.
  2100 | D:3      | Reached XP level 6. HP: 46/51 MP: 6/6
  2298 | D:3      | Noticed Sigmund
  2369 | D:4      | Reached skill level 6 in Long Blades
  2410 | D:4      | Noticed Eustachio
  2428 | D:4      | Killed Eustachio
  2428 | D:4      | Reached XP level 7. HP: 46/56 MP: 7/7
  2752 | D:4      | Noticed Pikel
  2769 | D:4      | Killed Pikel
  2769 | D:4      | Reached skill level 8 in Long Blades
  2769 | D:4      | Gained mutation: You are completely covered in sharp
                  | spines. [demonic ancestry]
  2769 | D:4      | Reached XP level 8. HP: 41/64 MP: 8/8
  2936 | D:5      | Entered Level 5 of the Dungeon
  3589 | D:5      | Got a slimy spear
  3590 | D:5      | Identified the cursed +1 spear "Ocollakui" {vamp, rF+ Str+4
                  | Dex+4} (You found it on level 5 of the Dungeon)
  3655 | D:5      | Found a shimmering altar of Xom.
  3753 | D:6      | Noticed Dowan
  3803 | D:6      | Noticed Duvessa
  3839 | D:5      | Killed Duvessa
  3839 | D:5      | Reached skill level 9 in Long Blades
  3840 | D:5      | Killed from afar by Dowan

Vault maps used:
D:1:      dpeg_arrival_short_road
D:2:      cheibrodos_helix_gallery, nicolae_ru_great_annihilating_truth
D:3:      nicolae_qazlal_general_emergency, first_ration, uniq_sigmund
D:4:      okawaru_altar_gauntlet_db, minivault_1, uniq_ijyb, uniq_edmund,
          uniq_eustachio, uniq_pikel
D:5:      xom_confusion_cloud
D:6:      minitemple, minmay_temple_entry_grid, kennysheep_generic_room_2,
          uniq_menkaure, uniq_duvessa

Skill      XL: |  1  2  3  4  5  6  7  8 |
---------------+-------------------------+-----
Long Blades    | 2 3 4 5 6 8 9 |  9.0
Fighting       | 6 7 |  7.1
Armour         | |  1.0
Stealth        | |  1.7

Action                   |  1- 3 |  4- 6 |  7- 9 || total
-------------------------+-------+-------+-------++-------
Melee: Falchion          |    80 |   136 |   129 ||   345
Throw: Stone             |       |       |     1 ||     1
  Use: Potion            |       |     2 |     3 ||     5
       Scroll            |       |     4 |     6 ||    10
 Stab: Paralysed         |       |     1 |       ||     1
  Eat: Chunk             |     1 |     3 |     1 ||     5
       Ration            |       |     1 |     1 ||     2
Armor: Scale mail        |    46 |    48 |    29 ||   123
       Skin              |       |    51 |       ||    51
Dodge: Dodged            |    33 |    98 |    79 ||   210
       Rpst.: Falchion   |    15 |    34 |    30 ||    79

Table legend:
 A = Non-vault XP
 B = Vault XP
 C = Vault XP percentage of total XP
 D = Non-vault monster count
 E = Vault monster count
 F = Vault count percentage of total count
                 A         B        C        D         E       F
            +---------+---------+-------+---------+---------+-------
      Total |    1146 |    1088 |  48.7 |      98 |       9 |   8.4
            +---------+---------+-------+---------+---------+-------
        D:1 |      55 |       0 |   0.0 |      22 |       0 |   0.0
        D:2 |      58 |      59 |  50.4 |      13 |       5 |  27.8
        D:3 |     282 |       0 |   0.0 |      27 |       0 |   0.0
        D:4 |     190 |     831 |  81.4 |       9 |       2 |  18.2
        D:5 |     561 |     198 |  26.1 |      27 |       2 |   6.9
            +---------+---------+-------+---------+---------+-------
